 Dungeon Crawl Stone Soup version 0.19.1-1-g22dce08 (webtiles) character file.

4113 Mefis the Thaumaturge (level 10, -1/50 HPs)
             Began as a Deep Elf Wizard on Jan 18, 2017.
             Was a Follower of Sif Muna.
             Slain by a merfolk
             ... wielding a +0 spear
              (12 damage)
             ... on level 9 of the Dungeon.
             The game lasted 00:22:38 (10884 turns).

Mefis the Thaumaturge (Deep Elf Wizard)            Turns: 10884, Time: 00:22:39

Health: -1/50      AC:  6    Str:  4    XL:     10   Next: 6%
Magic:  9/26       EV: 15    Int: 27    God:    Sif Muna [*.....]
Gold:   110        SH:  0    Dex: 13    Spells: 7 memorised, 14 levels left

rFire  . . .     SeeInvis +     t - +4 quarterstaff (chaos)
rCold  . . .     Gourm    .     A - +2 robe {rN+}
rNeg   + + .     Faith    .     (shield currently unavailable)
rPois  .         Spirit   .     s - +0 helmet
rElec  .         Reflect  .     u - +0 cloak
rCorr  .         Harm     .     (no gloves)
MR     +....                    (no boots)
Stlth  +++.......               (no amulet)
                                R - ring of see invisible
                                y - ring of positive energy

@: repel missiles
A: no striking features
a: Divine Energy, Renounce Religion


You were on level 9 of the Dungeon.
You worshipped Sif Muna.
Sif Muna was aware of your devotion.
You were not hungry.

You visited 2 branches of the dungeon, and saw 10 of its levels.

You collected 452 gold pieces.
You spent 342 gold pieces at shops.

Inventory:

Hand Weapons
 h - a +0 dagger
 p - a +0 spear of freezing
 t - a +4 quarterstaff of chaos (weapon)
 v - a +0 hunting sling
 H - a +0 whip of electrocution
 N - a +1 trident of piercing
Missiles
 g - 42 sling bullets
 j - 70 poisoned needles
Armour
 a - a +0 robe
 b - a +0 hat
 s - a +0 helmet (worn)
 u - a +0 cloak (worn)
 x - a +0 robe of cold resistance
 A - a +2 robe of positive energy (worn)
 L - a +0 buckler
Magical Staves
 J - an uncursed staff of fire
Jewellery
 y - a ring of positive energy (left hand)
 R - a ring of see invisible (right hand)
Wands
 I - a wand of flame (5/48)
 X - a wand of disintegration (9/24)
 Y - a wand of flame (27/48)
Scrolls
 f - 6 scrolls of enchant armour
 k - a scroll of blinking
 n - a scroll of noise
 o - a scroll of magic mapping
 r - 2 scrolls of fog
 w - 2 scrolls of enchant weapon
 C - 2 scrolls of amnesia
 D - 4 scrolls of teleportation
 K - 2 scrolls of random uselessness
 P - a scroll of fear
 T - a scroll of remove curse
 W - a scroll of acquirement {unknown}
Potions
 e - a potion of flight {unknown}
 i - 2 potions of brilliance
 m - 2 potions of might {unknown}
 q - 2 potions of resistance {unknown}
 z - 2 potions of curing {unknown}
 E - a potion of cancellation {unknown}
 F - 2 potions of lignification {unknown}
 G - a potion of haste {unknown}
 O - 2 potions of heal wounds {unknown}
 Q - 2 potions of agility
 S - 2 potions of cure mutation {unknown}
 U - a potion of magic {unknown}
 V - 2 potions of degeneration {unknown}
Books
 c - a book of Minor Magic

   Spells                             Type                      Level
   a - Magic Dart                     Conjuration                  1
   b - Blink                          Translocation                2
   c - Call Imp                       Summoning                    2
   d - Repel Missiles                 Charms/Air                   2
   e - Slow                           Hexes                        2
   f - Conjure Flame                  Conjuration/Fire             3
   g - Mephitic Cloud                 Conjuration/Poison/Air       3
Comestibles
 d - 5 bread rations
 l - a royal jelly
 B - 2 meat rations
 M - 2 beef jerkies


   Skills:
 + Level 6.4 Dodging
 + Level 7.2 Stealth
 * Level 2.9 Shields
 * Level 10.3 Spellcasting
 + Level 5.3 Conjurations
 + Level 5.8 Hexes
 - Level 1.1 Summonings
 - Level 1.1 Translocations
 + Level 4.6 Air Magic
 + Level 5.1 Poison Magic
 + Level 0.0 Invocations
 + Level 0.4 Evocations


You had 14 spell levels left.
You knew the following spells:

 Your Spells              Type           Power        Failure   Level  Hunger
a - Magic Dart            Conj           ####         1%          1    None
b - Call Imp              Summ           ###.....     4%          2    None
c - Blink                 Tloc           N/A          4%          2    None
d - Repel Missiles        Chrm/Air       ####..       2%          2    None
e - Mephitic Cloud        Conj/Pois/Air  #####...     1%          3    None
f - Conjure Flame         Conj/Fire      ####....     4%          3    None
g - Slow                  Hex            #####...     1%          2    None


Dungeon Overview and Level Annotations

Branches:
Dungeon (9/15)             Temple (1/1) D:6
   Lair: D:8-11         Orc: D:9-12

Altars:
Ashenzari
Cheibriados
Dithmenos
Elyvilon
Fedhas
Gozag
Hepliaklqana
Kikubaaqudgha
Makhleb
Nemelex Xobeh
Okawaru
Qazlal
Ru
Sif Muna
Trog
Uskayaw
Vehumet
Xom
Yredelemnul
Zin
The Shining One

Shops:
D:7 [?


Message History

The merfolk is engulfed in noxious fumes.
Casting: Mephitic Cloud
Confirm with . or Enter, or press ? or * to list all spells.
Aiming: Magic Dart
Press: ? - help, Shift-Dir - straight line, f/p - merfolk
Aim: a merfolk, wielding a spear (noxious fumes, almost dead)
The magic dart hits the merfolk.
The merfolk is almost dead.
The merfolk is engulfed in noxious fumes.
The merfolk misses you.
Casting: Magic Dart
Confirm with . or Enter, or press ? or * to list all spells.
Aiming: Magic Dart
Press: ? - help, Shift-Dir - straight line, f/p - merfolk
Aim: a merfolk, wielding a spear (noxious fumes, almost dead)
The magic dart hits the merfolk.
The merfolk is almost dead.
The merfolk is engulfed in noxious fumes.
The merfolk hits you from afar with a spear!
You die...

###.# #..... #.#
#..... #.# #.....
#.# #..... #.#
#..... #.# #.....
#.## ###.##
######..## #.
#§m.@##..# #.
#§##.###[###### #
#≈.†#..........#
#≈.##....).....#
#≈(%#....).....###
#≈.%#............
#####..........##
#...........#
#...........#


You could see a merfolk.

Vanquished Creatures
  Pikel (D:5)
  Prince Ribbit (D:9)
  Eustachio (D:6)
  The ghost of Alarkh the Chopper, an amateur DrMo (D:3)
  A hungry ghost (D:8)
  Menkaure (D:5)
  A black bear (D:7)
  2 orc warriors (D:9)
  An ice beast (D:8)
  A phantom (D:6)
  2 sky beasts
  2 centaurs
  An ogre (D:5)
  A big kobold (D:7)
  Blork the orc (D:4)
  3 bullfrogs (D:6)
  A wyvern zombie (D:6)
  2 scorpions
  3 wights (D:8)
  2 electric eels (D:9)
  8 crimson imps
  A quasit (D:6)
  A centaur skeleton (D:5)
  10 orc wizards
  4 hounds
  5 orc priests
  Crazy Yiuf (D:2)
  Natasha (twice) (D:2)
  2 iguanas
  4 worker ants
  A killer bee zombie (D:6)
  A worker ant zombie (D:8)
  Robin (D:2)
  4 gnolls (D:2)
  6 adders
  2 oozes
  An adder skeleton (D:8)
  2 worms
  A dart slug (D:3)
  9 leopard geckos
  23 orcs
  6 giant cockroaches
  9 hobgoblins
  9 jackals
  6 quokkas
  A ball python (D:1)
  6 bats
  4 frilled lizards
  14 goblins
  A jackal skeleton (D:5)
  15 kobolds
  A leopard gecko zombie (D:6)
  A quokka zombie (D:7)
  13 rats
204 creatures vanquished.

Vanquished Creatures (collateral kills)
  Edmund (D:5)
  A worker ant (D:4)
  An orc (D:5)
3 creatures vanquished.

Vanquished Creatures (others)
  An ogre (D:5)
  A centaur (D:5)
2 creatures vanquished.

Grand Total: 209 creatures vanquished

Notes
Turn   | Place    | Note
-------+----------+-------------------------------------------
     0 | D:1      | Mefis the Deep Elf Wizard began the quest for the Orb.
     0 | D:1      | Reached XP level 1. HP: 10/10 MP: 7/7
   298 | D:1      | Reached XP level 2. HP: 15/15 MP: 4/9
   311 | D:1      | Learned a level 2 spell: Call Imp
   314 | D:1      | Learned a level 2 spell: Blink
   317 | D:1      | Learned a level 2 spell: Repel Missiles
  1014 | D:2      | Reached XP level 3. HP: 19/19 MP: 8/11
  1019 | D:2      | Learned a level 3 spell: Mephitic Cloud
  1078 | D:2      | Reached skill level 5 in Spellcasting
  1389 | D:2      | Reached skill level 1 in Air Magic
  1389 | D:2      | Reached XP level 4. HP: 16/24 MP: 7/13
  1792 | D:2      | Found an opulent altar of Gozag.
  1795 | D:2      | Noticed Natasha
  1804 | D:2      | Killed Natasha
  2440 | D:2      | Noticed Robin
  2510 | D:1      | Reached XP level 5. HP: 10/28 MP: 6/15
  2568 | D:1      | Learned a level 3 spell: Conjure Flame
  2571 | D:1      | Learned a level 2 spell: Slow
  2719 | D:2      | Killed Robin
  2897 | D:2      | Found a runed door.
  2989 | D:2      | Noticed Crazy Yiuf
  3001 | D:2      | Killed Crazy Yiuf
  3001 | D:2      | Reached skill level 1 in Poison Magic
  3148 | D:3      | Reached skill level 1 in Hexes
  3344 | D:3      | Noticed Alarkh's ghost (amateur DrMo)
  3749 | D:2      | Noticed Natasha
  3758 | D:2      | Killed Natasha
  3758 | D:2      | Reached skill level 6 in Spellcasting
  3982 | D:3      | Killed Alarkh's ghost
  3982 | D:3      | Reached XP level 6. HP: 15/32 MP: 1/17
  4683 | D:4      | Noticed Blork the orc
  4698 | D:4      | Killed Blork the orc
  4698 | D:4      | Reached XP level 7. HP: 16/36 MP: 1/19
  5348 | D:5      | Entered Level 5 of the Dungeon
  5368 | D:5      | Reached skill level 7 in Spellcasting
  5449 | D:5      | Found a shattered altar of Ashenzari.
  5623 | D:5      | Noticed Pikel
  5664 | D:5      | Killed Pikel
  5664 | D:5      | Reached skill level 5 in Stealth
  5664 | D:5      | Reached skill level 8 in Spellcasting
  5664 | D:5      | Reached XP level 8. HP: 20/41 MP: 8/22
  5682 | D:5      | Reached skill level 5 in Dodging
  5867 | D:5      | Noticed Edmund
  5874 | D:5      | Noticed Menkaure
  5887 | D:5      | Killed Menkaure
  5892 | D:5      | Killed Edmund
  6379 | D:6      | Reached skill level 9 in Spellcasting
  6679 | D:6      | Reached XP level 9. HP: 40/45 MP: 13/24
  6895 | D:6      | Found a staircase to the Ecumenical Temple.
  6946 | Temple   | Entered the Ecumenical Temple
  6961 | Temple   | Became a worshipper of Sif Muna the Loreminder
  7117 | D:6      | Noticed Eustachio
  7134 | D:6      | Killed Eustachio
  7254 | D:6      | Reached skill level 1 in Shields
  7437 | D:6      | Reached skill level 5 in Hexes
  7634 | D:7      | Found Konoll's Antique Armour Shoppe.
  8000 | D:7      | Found Aroeg's Magic Scroll Boutique.
  8013 | D:7      | Bought a scroll of enchant armour for 90 gold pieces
  8013 | D:7      | Bought a scroll of remove curse for 36 gold pieces
  8013 | D:7      | Bought a scroll of enchant armour for 90 gold pieces
  8013 | D:7      | Bought a scroll of teleportation for 36 gold pieces
  8013 | D:7      | Bought a scroll of teleportation for 36 gold pieces
  8013 | D:7      | Bought a scroll of random uselessness for 12 gold pieces
  8013 | D:7      | Bought a scroll of amnesia for 42 gold pieces
  8886 | D:8      | Reached skill level 5 in Conjurations
  9344 | D:8      | Reached skill level 10 in Spellcasting
  9515 | D:8      | Reached * piety under Sif Muna
  9835 | D:9      | Reached skill level 5 in Poison Magic
 10302 | D:9      | Noticed Prince Ribbit
 10307 | D:9      | Killed Prince Ribbit
 10336 | D:8      | Reached XP level 10. HP: 41/50 MP: 13/26
 10622 | D:9      | Found a white marble altar of Elyvilon.
 10884 | D:9      | Slain by a merfolk

Skill      XL: |  1  2  3  4  5  6  7  8  9 |
---------------+----------------------------+-----
Stealth        | 3 4 5 7 |  7.2
Spellcasting   | 5 6 8 9 10 | 10.3
Conjurations   | 2 4 5 |  5.3
Air Magic      | 1 2 3 4 |  4.6
Dodging        | 3 4 5 6 |  6.4
Poison Magic   | 1 2 3 5 |  5.1
Hexes          | 1 2 4 5 |  5.8
Shields        | 2 |  2.9
Summonings     | |  1.1
Translocations | |  1.1
Evocations     | |  0.4

Action                   |  1- 3 |  4- 6 |  7- 9 | 10-12 || total
-------------------------+-------+-------+-------+-------++-------
Melee: Dagger            |     6 |       |       |       ||     6
       Spear             |     6 |    14 |       |       ||    20
       Quarterstaff      |       |    13 |    47 |       ||    60
 Cast: Magic Dart        |    78 |   218 |   376 |    41 ||   713
       Repel Missiles    |     2 |       |     1 |       ||     3
       Mephitic Cloud    |     2 |     6 |    22 |     4 ||    34
       Call Imp          |       |    15 |     5 |       ||    20
       Blink             |       |     1 |     5 |     1 ||     7
       Conjure Flame     |       |       |     6 |     2 ||     8
       Slow              |       |       |     2 |       ||     2
  Use: Scroll            |       |       |     8 |       ||     8
 Stab: Confused          |     1 |       |     3 |       ||     4
  Eat: Chunk             |       |    11 |    16 |     3 ||    30
Armor: Robe              |     3 |    12 |    21 |       ||    36
Dodge: Dodged            |    20 |    42 |    79 |    11 ||   152
       Deflected         |     1 |     1 |     4 |       ||     6
